 Dungeon Crawl Stone Soup version 0.27.0-66-gdc8fb28755 (webtiles) character file.

Game seed: 152581147805136022

81 sanka the Chopper (level 4, -3/37 HPs)
             Began as a Palentonga Abyssal Knight on Aug 20, 2021.
             Was a Believer of Lugonu.
             Slain by a river rat (7 damage)
             ... in a sewer.
             The game lasted 00:03:10 (2530 turns).

sanka the Chopper (Palentonga Abyssal Knight)       Turns: 2530, Time: 00:03:10

Health: -3/37      AC:  5    Str: 16    XL:     4   Next: 20%
Magic:  5/5        EV:  6    Int: 12    God:    Lugonu [**....]
Gold:   150        SH:  7    Dex: 10    Spells: 3/3 levels left

rFire    . . .     SeeInvis +   a - +1 hand axe
rCold    . . .     Faith    .   e - +0 kite shield
rNeg     + . .     Spirit   .   b - +0 leather armour
rPois    +         Reflect  .   (no helmet)
rElec    .         Harm     .   (no cloak)
rCorr    .         Rampage  .   g - +0 pair of gloves
Will     .....                  (no barding)
Stlth    +.........             (no amulet)
HPRegen  0.12/turn              m - ring of poison resistance
MPRegen  0.09/turn              j - ring of positive energy

@: no status effects
A: large, rugged brown scales 3, see invisible, deformed body, roll 1, armoured
tail
a: Rolling Charge, Renounce Religion, Depart the Abyss, Bend Space


You were in a sewer.
You worshipped Lugonu.
Lugonu was pleased with you.
You visited 1 branch of the dungeon, and saw 3 of its levels.
You visited the Abyss 1 time.
You also visited: Sewer.

You collected 150 gold pieces.


Innate Abilities, Weirdness & Mutations

You are completely covered in rugged brown scales. (AC +3, +7% HP)
You have supernaturally acute eyesight. (SInv)
Armour fits poorly on your strangely shaped body.
You can roll at nearby foes to attack.
You have a long armoured tail.


   Skills:
 - Level 3.0 Fighting
 + Level 4.5 Axes
 - Level 1.5 Armour
 - Level 0.7 Dodging
 - Level 2.0 Invocations


You had 3 spell levels left.
You didn't know any spells.
Your spell library contained the following spells:

 Spells                   Type           Power      Damage    Failure   Level
 Animate Skeleton         Necr           0%         N/A       96%         1
 Pain                     Necr           0%         1d4       96%         1
 Summon Guardian Golem    Hex/Summ       0%         N/A       100%        3
 Vampiric Draining        Necr           0%         2d6       100%        3
 Conjure Ball Lightning   Conj/Air       0%         3x3d6     100%        6
 Orb of Destruction       Conj           0%         N/A       100%        7
 Spellforged Servitor     Conj/Summ      0%         N/A       100%        7
 Discord                  Hex            0%         N/A       100%        8
 Disjunction              Tloc           0%         N/A       100%        8

Inventory:

Hand Weapons
 a - a +1 hand axe (weapon)
Armour
 b - a +0 leather armour (worn)
 e - a +0 kite shield (worn)
 g - a +0 pair of gloves (worn)
Jewellery
 j - a ring of positive energy (right hand)
 m - a ring of poison resistance (left hand)
Scrolls
 c - a scroll of noise {unknown}
 h - 2 scrolls of magic mapping {unknown}
 k - a scroll of fear {unknown}
 l - a scroll of enchant weapon {unknown}
 n - a scroll of identify {unknown}
Potions
 d - a potion of mutation {unknown}
 f - 2 potions of resistance {unknown}
 i - a potion of heal wounds {unknown}
 o - a potion of attraction {unknown}
 p - a potion of haste {unknown}
 q - 2 potions of invisibility {unknown}

Dungeon Overview and Level Annotations

Branches:
Dungeon (3/15)              Sewer (1/1)

Altars:

...≈≈≈≈≈≈≈....▒▒
...≈≈≈≈≈.≈.....▒
...≈≈≈≈≈≈......▒
..≈≈≈≈≈≈≈......▒
▒.≈≈≈≈≈≈......▒▒
▒..≈≈≈≈......▒
▒.≈≈≈≈.....†▒▒
▒..≈≈≈≈≈.....▒▒▒▒
...≈≈≈≈.....▒▒▒H▒
...≈≈≈......▒▒▒r▒
...≈≈≈.......▒.r▒
....≈≈.........▒▒
...≈≈≈........▒▒
..≈≈.......▒▒
.≈≈≈≈.≈....▒▒
≈≈≈≈≈≈≈.....▒
≈≈≈≈≈≈.....▒▒


You could see a river rat and a rat.


Message History

You barely miss the river rat.
The river rat is almost dead.
The river rat barely misses you.
You barely miss the river rat.
Your tail-slap misses the river rat.
The river rat is almost dead.
The river rat bites you.
* * * LOW HITPOINT WARNING * * *
You hit the river rat.
You kill the river rat!
Lugonu accepts your kill.
You hit the river rat.
The river rat is lightly wounded.
You hit the river rat but do no damage.
Your tail-slap misses the river rat.
The river rat is lightly wounded.
The river rat bites you.
* * * LOW HITPOINT WARNING * * *
The river rat bites you.
* * * LOW HITPOINT WARNING * * *
You hit the river rat but do no damage.
Your tail-slap misses the river rat.
The river rat is lightly wounded.
The river rat bites you.
* * * LOW HITPOINT WARNING * * *
You hit the river rat but do no damage. You tail-slap the river rat!
The river rat is almost dead.
The river rat bites you!
You die...

Action                   |  1- 3 |  4- 6 || total
-------------------------+-------+-------++-------
Melee: Hand axe          |   134 |    18 ||   152
       Tailslap          |     9 |     1 ||    10
Invok: Depart the Abyss  |     1 |       ||     1
 Abil: Rolling Charge    |     1 |       ||     1
Armor: Leather armour    |    62 |     4 ||    66
Dodge: Dodged            |    45 |     3 ||    48
Block: Kite shield       |    39 |     3 ||    42

Levels and vault maps discovered:
D:1:      scummos_arrival_star, layout_loops_ring, minmay_quantized
D:2:      layout_basic
D:3:      layout_loops_ring, ebering_ecumenical_altar_rust,
          gup_sewer_entry_bowl, feat_on_display
Sewer:    sewer_minmay_treatment

Notes
Turn   | Place    | Note
-------+----------+-------------------------------------------
     0 | Abyss:1  | sanka the Palentonga Abyssal Knight began the quest for the
                  | Orb.
     0 | Abyss:1  | Reached XP level 1. HP: 19/19 MP: 2/2
    46 | Abyss:1  | Noticed a chaos spawn
    46 | Abyss:1  | Noticed a wight
    47 | D:1      | Escaped the Abyss
   586 | D:1      | Reached * piety under Lugonu
   587 | D:1      | Reached XP level 2. HP: 24/25 MP: 3/3
   593 | D:1      | Reached skill level 3 in Axes
  1494 | D:2      | Reached XP level 3. HP: 29/31 MP: 4/4
  1780 | D:3      | Found a faded altar of an unknown god.
  1940 | D:3      | Found a glowing drain.
  2002 | Sewer    | Entered a sewer
  2051 | Sewer    | Reached skill level 4 in Axes
  2053 | Sewer    | Reached ** piety under Lugonu
  2393 | Sewer    | Reached XP level 4. HP: 24/37 MP: 5/5
  2530 | Sewer    | Slain by a river rat

Vanquished Creatures
  An adder (Sewer)
  2 river rats (Sewer)
  A worm (D:2)
  A dart slug (D:1)
  An orc (D:3)
  3 endoplasms (D:1)
  2 giant cockroaches
  2 goblins (D:2)
  3 hobgoblins (D:2)
  2 jackals (D:2)
  4 quokkas
  3 ball pythons
  3 bats
  5 frilled lizards
  5 kobolds
  14 rats
52 creatures vanquished.
